 Dungeon Crawl Stone Soup version 0.30.0-29-ga12c61a403 (webtiles) character file.

Game seed: 11465369696935965788

17287 McKennaii the Fighter (level 12, -5/102 HPs)
             Began as a Demonspawn Fighter on June 5, 2023.
             Was a Priest of Qazlal.
             Slain by a very large slime creature (53 damage)
             ... on level 12 of the Dungeon.
             The game lasted 00:18:58 (14143 turns).

McKennaii the Fighter (Demonspawn Fighter)         Turns: 14143, Time: 00:18:59

Health: -5/102     AC: 26    Str: 21    XL:     12   Next: 17%
Magic:  12/12      EV:  9    Int:  9    God:    Qazlal [***...]
Gold:   1907       SH: 18    Dex: 14    Spells: 11/11 levels left

rFire   + . .        J - +5 trident
rCold   . . .        c - +0 buckler
rNeg    . . .        C - +1 chain mail {rPois}
rPois   +            (no helmet)
rElec   .            R - +1 cloak
rCorr   .            (no gloves)
SInv    .            Q - +1 pair of boots {rampage}
Will    .....        j - amulet of reflection Stlth
                     q - +4 ring of protection
HPRegen 0.37/turn    N - ring of protection from fire
MPRegen 0.13/turn

%: reflection, rampage
@: no status effects
A: icemail 1, powered by death 2, sturdy frame 2, condensation shield, weakness
stinger 1
a: Renounce Religion, Upheaval, Elemental Force


You were on level 12 of the Dungeon.
You worshipped Qazlal.
Qazlal was most pleased with you.
You visited 2 branches of the dungeon, and saw 13 of its levels.
You also visited: Sewer and Bailey.

You collected 2066 gold pieces.
You spent 159 gold pieces at shops.

Inventory:

Hand Weapons
 a - a +0 trident
 H - the +7 captain's cutlass {speed, disarm}
   (You found it on level 6 of the Dungeon)
 J - a +5 trident (weapon)
Armour
 c - a +0 buckler (worn)
 C - a +1 chain mail of poison resistance (worn)
 Q - a +1 pair of boots of rampaging (worn)
 R - a +1 cloak (worn)
Jewellery
 j - an amulet of reflection (around neck)
 q - a +4 ring of protection (left hand)
 N - a ring of protection from fire (right hand)
 O - a ring of ice
Wands
 t - a wand of flame (48)
 y - a wand of polymorph (13)
 L - a wand of light (6)
 M - a wand of roots (3)
Scrolls
 g - 5 scrolls of enchant weapon
 h - a scroll of identify
 i - 8 scrolls of teleportation
 k - a scroll of torment {unknown}
 m - a scroll of acquirement
 n - 2 scrolls of summoning
 r - 2 scrolls of magic mapping
 x - 3 scrolls of amnesia
 z - 3 scrolls of vulnerability
 A - a scroll of blinking
 B - 2 scrolls of fear
 F - 3 scrolls of enchant armour
 G - 2 scrolls of silence
 P - a scroll of fog
 S - a scroll of poison {unknown}
Potions
 b - 3 potions of berserk rage
 d - 5 potions of might
 e - 9 potions of curing
 f - 2 potions of attraction
 l - 6 potions of mutation
 o - 2 potions of magic
 p - 2 potions of cancellation
 s - 2 potions of haste
 u - a potion of flight
 v - 4 potions of brilliance
 w - a potion of invisibility {unknown}
 D - 4 potions of heal wounds
 E - a potion of ambrosia {unknown}
 I - 2 potions of degeneration {unknown}
 K - 2 potions of lignification {unknown}


   Skills:
 + Level 11.9 Fighting
 + Level 10.7 Polearms
 + Level 11.0 Armour
 - Level 4.0 Shields


You had 11 spell levels left.
You didn't know any spells.
Your spell library contained the following spells:

 Spells                   Type           Power      Damage    Failure   Level
 Magic Dart               Conj           0%         1d3       73%         1
 Sting                    Tmut/Pois      0%         1d3       73%         1
 Call Imp                 Summ           0%         N/A       86%         2
 Lesser Beckoning         Tloc           0%         N/A       86%         2
 Poisonous Vapours        Pois/Air       0%         N/A       86%         2
 Scorch                   Fire           0%         2d5       86%         2
 Dazzling Flash           Conj/Hex       0%         N/A       97%         3
 Gell's Gravitas          Tloc           0%         N/A       97%         3
 Hailstorm                Conj/Ice       0%         3d3       97%         3
 Mephitic Cloud           Conj/Pois/Air  0%         N/A       97%         3
 Teleport Other           Tloc           0%         N/A       97%         3
 Vhi's Electric Charge    Tloc/Air       0%         N/A       97%         3
 Flame Wave               Conj/Fire      0%         2d4       100%        4
 Ice Form                 Ice/Tmut       0%         N/A       100%        4
 Olgreb's Toxic Radiance  Pois           0%         N/A       100%        4
 Agony                    Necr           0%         N/A       100%        5
 Arcjolt                  Conj/Air       0%         1d10      100%        5
 Blade Hands              Tmut           0%         N/A       100%        5
 Irradiate                Conj/Tmut      0%         3d11      100%        5
 Silence                  Hex/Air        0%         N/A       100%        5
 Simulacrum               Ice/Necr       0%         N/A       100%        6
 Summon Cactus Giant      Summ           0%         N/A       100%        6
 Dragon Form              Tmut           0%         N/A       100%        7
 Ozocubu's Refrigeration  Ice            0%         4d7       100%        7
 Maxwell's Capacitive Co  Air            0%         ∞         100%        8
 Polar Vortex             Ice            0%         N/A       100%        9


Dungeon Overview and Level Annotations

Branches:
Dungeon (12/15)            Temple (1/1) D:5            Lair (0/5) D:9
    Orc (0/2) D:10          Sewer (visited)          Bailey (visited)

Altars:
Ashenzari
Cheibriados
Dithmenos
Fedhas
Gozag
Hepliaklqana
Kikubaaqudgha
Makhleb
Nemelex Xobeh
Okawaru
Qazlal
Ru
Sif Muna
Trog
Uskayaw
Vehumet
Wu Jian
Xom
Yredelemnul

Shops:
D:4 **?

Portals:
Trove: D:12 (give 9 potions of haste)

Annotations:
D:10 2 transporters, KamiKatze's ghost, journeyman VSFi


Innate Abilities, Weirdness & Mutations

A meltable icy envelope protects you from harm. (AC +4)
You regenerate health from kills.
Your movements are less encumbered by armour. (ER -4)
A meltable shield of frost defends you. (SH +4)
You have a small tail.


Message History

The large slime creature is heavily wounded.
Two slime creatures merge to form a very large slime creature.
You block the slime creature's attack.
You hit the very large slime creature.
You tail-slap the very large slime creature.
The very large slime creature is heavily wounded.
The slime creature hits you but does no damage.
You puncture the very large slime creature!
You tail-slap the very large slime creature.
The very large slime creature is heavily wounded.
The slime creature is engulfed in blazing flames.
You block the slime creature's attack.
You puncture the very large slime creature!
The very large slime creature is heavily wounded.
You block the very large slime creature's attack.
The slime creature is engulfed in blazing flames.
You block the slime creature's attack.
You puncture the very large slime creature!
The very large slime creature is severely wounded.
You puncture the very large slime creature!
The very large slime creature is severely wounded.
The very large slime creature hits you!!!
The slime creature is engulfed in blazing flames.
The slime creature hits you but does no damage.
You puncture the very large slime creature!
The very large slime creature is severely wounded.
The very large slime creature is engulfed in a thunderstorm.
You block the very large slime creature's attack.
The slime creature hits you!
Unknown command.
The very large slime creature attacks as you move away!
The very large slime creature hits you but does no damage.
The very large slime creature attacks as you move away!
You block the very large slime creature's attack.
The slime creature attacks as you move away!
You block the slime creature's attack.
The very large slime creature attacks as you move away!
The very large slime creature hits you!!!
Ouch! That really hurt!
You die...

...#...........####.#........#...
####................#........+...
....................#.......##...
.....)............#.#.......##...
..................#.#.......##...
....##'#####......#.#............
....#......#..>.....#............
....#......#...JJ...##########...
#####......#....@...#############
...........#..##....#.......#####
...........#..##....#.......#....
...........#..##....'.......#...[
...........+..##[...#.......#....
.####..###'#........##########..)
.## #..#........##'###########...
..####.#...###..+....(.....#.....
''#[.#.#...###..#..........#.....


You could see a very large slime creature and a slime creature.

Vanquished Creatures
  A hydra (D:12)
  A boulder beetle (D:12)
  Nergalle (D:10)
  Amaemon (D:11)
  Lodul (D:10)
  2 ugly things (D:12)
  2 cyclopes
  Joseph (D:9)
  An orange demon (D:11)
  3 gargoyles
  A kobold demonologist (D:11)
  2 unseen horrors
  3 trolls
  Grinder (D:4)
  A hornet (D:9)
  Prince Ribbit (D:6)
  A wyvern (D:10)
  2 vampires
  Sigmund (D:2)
  A wraith (D:12)
  3 shadows
  Eustachio (D:4)
  A steam dragon (D:10)
  5 yaks
  4 vampire mosquitoes (D:12)
  A water moccasin (D:9)
  2 acid dragons (D:10)
  Duvessa (D:5)
  2 ice beasts (D:7)
  11 orc warriors
  A black bear (D:5)
  8 ogres
  12 centaurs
  4 phantoms
  10 kobold brigands
  A bullfrog (D:9)
  A gnoll sergeant (D:6)
  3 scorpions
  5 wights
  3 troll zombies (D:10)
  Dowan (D:5)
  11 killer bees
  4 howler monkeys
  2 hounds
  4 jellies
  Crazy Yiuf (D:4)
  10 orc priests
  2 iguanas
  Ijyb (Temple)
  10 orc wizards
  3 ogre zombies (D:10)
  8 gnolls
  7 adders
  4 river rats
  A shadow imp (D:8)
  An ufetubus (D:7)
  2 worms (D:2)
  A dart slug (D:2)
  49 orcs
  4 bats
  6 endoplasms
  3 giant cockroaches
  7 goblins
  A hobgoblin (D:4)
  23 kobolds
  5 quokkas
  10 ball pythons
  7 frilled lizards
  A goblin skeleton (D:10)
  3 goblin zombies (D:10)
  2 hobgoblin skeletons (D:10)
  A hobgoblin zombie (D:10)
  2 orc skeletons (D:10)
  10 orc zombies (D:10)
  8 rats
322 creatures vanquished.

Notes
Turn   | Place    | Note
-------+----------+-------------------------------------------
     0 | D:1      | McKennaii the Demonspawn Fighter began the quest for the
                  | Orb.
     0 | D:1      | Reached XP level 1. HP: 18/18 MP: 1/1
   317 | D:1      | Found a faded altar of an unknown god.
   360 | D:1      | Gained mutation: You regenerate a little health from kills.
                  | [demonic ancestry]
   360 | D:1      | Reached XP level 2. HP: 21/24 MP: 2/2
  1143 | D:2      | Gained mutation: A meltable shield of frost defends you.
                  | (SH +4) [demonic ancestry]
  1143 | D:2      | Reached XP level 3. HP: 29/29 MP: 3/3
  1291 | D:2      | Noticed Sigmund
  1304 | D:2      | Killed Sigmund
  1305 | D:2      | Gained mutation: You regenerate health from kills. [demonic
                  | ancestry]
  1305 | D:2      | Reached XP level 4. HP: 15/37 MP: 4/4
  1305 | D:2      | Reached XP level 5. HP: 17/42 MP: 5/5
  1647 | D:3      | Found a glowing drain.
  1670 | Sewer    | Entered a sewer
  1855 | Sewer    | Gained mutation: A meltable icy envelope protects you from
                  | harm. (AC +4) [demonic ancestry]
  1855 | Sewer    | Reached XP level 6. HP: 48/48 MP: 6/6
  2643 | D:4      | Found a runed translucent door.
  2644 | D:4      | Noticed Crazy Yiuf
  2826 | D:4      | Found Racw's General Store.
  2834 | D:4      | Bought a scroll of teleportation for 33 gold pieces
  2834 | D:4      | Bought a scroll of blinking for 82 gold pieces
  2912 | D:4      | Found Cefac's Magic Scroll Boutique.
  2920 | D:4      | Bought a scroll of teleportation for 33 gold pieces
  2920 | D:4      | Bought a scroll of noise for 11 gold pieces
  2922 | D:4      | Identified a scroll of acquirement
  3008 | D:4      | Found Jagydy's General Store.
  3218 | D:4      | Noticed Eustachio
  3246 | D:4      | Killed Eustachio
  3399 | D:4      | Killed Crazy Yiuf
  3468 | D:5      | Entered Level 5 of the Dungeon
  3469 | D:5      | Noticed Dowan
  3470 | D:5      | Found a staircase to the Ecumenical Temple.
  3470 | D:5      | Noticed Duvessa
  3583 | D:4      | Gained mutation: You have a small tail. [demonic ancestry]
  3583 | D:4      | Reached XP level 7. HP: 55/55 MP: 7/7
  3632 | D:5      | Noticed Ijyb
  3640 | D:5      | Noticed Grinder
  3642 | D:5      | Paralysed by Grinder for 2 turns
  3785 | Temple   | Entered the Ecumenical Temple
  3793 | Temple   | Killed Ijyb
  4139 | D:4      | Paralysed by Grinder for 5 turns
  4147 | D:4      | Paralysed by Grinder for 5 turns
  4438 | D:4      | Paralysed by Grinder for 5 turns
  4449 | D:4      | Killed Grinder
  4450 | D:4      | Reached skill level 5 in Fighting
  4450 | D:4      | Reached skill level 5 in Armour
  4893 | D:5      | Killed Duvessa
  4894 | D:5      | Killed Dowan
  4895 | D:5      | Reached XP level 8. HP: 16/64 MP: 8/8
  5682 | D:6      | Reached skill level 5 in Polearms
  5683 | D:6      | Noticed Prince Ribbit
  5699 | D:6      | Killed Prince Ribbit
  6049 | D:6      | Found the +7 captain's cutlass {speed, disarm}
  6195 | D:6      | Reached XP level 9. HP: 72/72 MP: 9/9
  6235 | D:6      | Found a hide-covered altar of Uskayaw.
  6236 | D:6      | Found a shimmering blue altar of Sif Muna.
  6237 | D:6      | Found a sparkling altar of Nemelex Xobeh.
  6238 | D:6      | Found an iron altar of Okawaru.
  6624 | D:7      | Found a transporter.
  6624 | D:7      | Found a transporter.
  7322 | D:7      | Found a blossoming altar of Fedhas.
  8044 | D:8      | Found a flagged portal.
  8052 | Bailey   | Entered a bailey
  8307 | Bailey   | Found a burning altar of Makhleb.
  8347 | Bailey   | Reached XP level 10. HP: 82/82 MP: 10/10
  8486 | D:8      | Found a hazy altar of Hepliaklqana.
  9098 | D:9      | Found a stormy altar of Qazlal.
  9106 | D:9      | Became a worshipper of Qazlal Stormbringer
  9339 | D:9      | Found a staircase to the Lair.
  9376 | D:9      | Noticed Joseph
  9390 | D:9      | Killed Joseph
  9971 | D:9      | Reached * piety under Qazlal
 10127 | D:10     | Entered Level 10 of the Dungeon
 10272 | D:10     | Found a transporter.
 10275 | D:10     | Noticed KamiKatze's ghost (journeyman VSFi)
 10325 | D:10     | Found a transporter.
 10609 | D:10     | Reached skill level 10 in Fighting
 10678 | D:10     | Found a staircase to the Orcish Mines.
 10741 | D:10     | Reached ** piety under Qazlal
 10742 | D:10     | Gained mutation: Your movements are slightly less
                  | encumbered by armour. (ER -2) [demonic ancestry]
 10742 | D:10     | Reached XP level 11. HP: 90/90 MP: 11/11
 10785 | D:10     | Found a broken altar of Ashenzari.
 10945 | D:10     | Noticed Nergalle
 10957 | D:10     | Noticed a spectral orc warlord
 10974 | D:10     | Killed Nergalle
 11497 | D:11     | Noticed Amaemon
 11992 | D:11     | Noticed Lodul
 12124 | D:10     | Killed Lodul
 12162 | D:11     | Reached skill level 10 in Armour
 12597 | D:11     | Killed Amaemon
 12662 | D:12     | Reached skill level 10 in Polearms
 12699 | D:12     | Noticed a cyan ugly thing
 12713 | D:12     | Killed a cyan ugly thing
 13130 | D:12     | Reached *** piety under Qazlal
 13231 | D:12     | Noticed a five-headed hydra
 13237 | D:12     | Killed a five-headed hydra
 13521 | D:12     | Noticed a red ugly thing
 13534 | D:12     | Killed a red ugly thing
 13550 | D:12     | Gained mutation: Your movements are less encumbered by
                  | armour. (ER -4) [demonic ancestry]
 13550 | D:12     | Reached XP level 12. HP: 100/101 MP: 12/12
 13665 | D:12     | Noticed a boulder beetle
 13692 | D:12     | Killed a boulder beetle
 14053 | D:12     | Found a portal to a secret trove of treasure.
 14143 | D:12     | Slain by a very large slime creature

Illustrated notes

Levels and vault maps discovered:
D:1:      lightli_arrival_lavapool, layout_loops_cross,
          hellmonk_ecumenical_altar_heavens_door, minmay_door_square,
          minmay_pentomino_o4
D:2:      layout_loops_ring, kennysheep_generic_room_8, uniq_sigmund
D:3:      layout_basic, portal_sewer_entry_b
D:4:      layout_gridville, zin_scriptorium, serial_shops, nicolae_square_shop,
          kennysheep_mini_moat, shop, minmay_misc_feat_square,
          uniq_crazy_yiuf_cottage, uniq_eustachio
D:5:      layout_cave_pods, minmay_temple_entry_slanted, serial_rivers,
          chequers_serial_rivers_small_3, chequers_serial_rivers_large_a,
          chequers_serial_rivers_room_b, chequers_serial_rivers_micro_a,
          chequers_serial_rivers_room_a, uniq_duvessa, uniq_grinder, uniq_ijyb
D:6:      layout_loops_cross, mainiacjoe_overflow_alcove_3, grunt_ministairs_2,
          uniq_prince_ribbit1
D:7:      gammafunk_beogh_shrine, layout_layer_cave, elyvilon_altar_5,
          mainiacjoe_overflow_24_doors
D:8:      layout_basic, nicolae_hepliaklqana_hazy_memory, enter_bailey_2,
          serial_aquarium, aquarium_bridge_square [aquarium_subvault_balcony,
          aquarium_subvault_bridge, aquarium_subvault_wall,
          aquarium_subvault_balcony], aquarium_window_2, aquarium_window_2,
          aquarium_window_fake, aquarium_view_2e, aquarium_pool_side
D:9:      layout_basic, grunt_qazlal_sundering, dpeg_oklobed_lair,
          kennysheep_generic_room_10, uniq_joseph
D:10:     layout_basic, amcnicky_altar_gilded, zombieorc1_lemuel,
          gammafunk_ghost_stat_death, uniq_nergalle
D:11:     layout_rooms, uniq_lodul, uniq_amaemon
D:12:     layout_stronghold, nicolae_trove_entry_free_sample,
          lightli_fourway_metalbox
Temple:   nicolae_temple_ecumenical_triangle

Skill      XL: |  1  2  3  4  5  6  7  8  9 10 11 12 |
---------------+-------------------------------------+-----
Polearms       | 2 3 4 6 7 9 10 | 10.7
Shields        | 3 4 |  4.0
Armour         | 3 4 5 6 8 9 10 11 | 11.0
Fighting       | 4 5 7 8 10 11 | 11.9

Action                     |  1- 3 |  4- 6 |  7- 9 | 10-12 || total
---------------------------+-------+-------+-------+-------++-------
  Melee: Trident           |   110 |   263 |   413 |   736 ||  1522
         Tailslap          |       |       |    80 |   113 ||   193
         Cutlass           |       |       |    78 |       ||    78
  Evoke: Wand              |       |       |     2 |     3 ||     5
    Use: Scroll            |       |     8 |     8 |     5 ||    21
         Potion            |       |       |     1 |       ||     1
   Stab: Invisible         |       |       |     1 |       ||     1
         Distracted        |       |       |     1 |       ||     1
 Armour: Scale mail        |    37 |   117 |    60 |       ||   214
         Chain mail        |       |       |   195 |   342 ||   537
  Dodge: Dodged            |    22 |    70 |   108 |   142 ||   342
  Block: Buckler           |    39 |   196 |   367 |   451 ||  1053
         Reflection        |       |     6 |    18 |    26 ||    50
